 Dungeon Crawl Stone Soup version 0.26-a0-40-gfe7b5d5a6f (webtiles) character file.

Game seed: 11510296781299057110, levelgen mode: deterministic

28 Maedhros the Charlatan (level 3, -1/23 HPs)
             Began as an Octopode Artificer on May 31, 2020.
             Slain by Terence
             ... wielding a +2 flail of holy wrath
              (6 damage)
             ... on level 2 of the Dungeon.
             The game lasted 00:01:24 (74 turns).

Maedhros the Charlatan (Octopode Artificer)           Turns: 74, Time: 00:01:25

Health: -1/23      AC:  1    Str: 11    XL:     3   Next: 12%
Magic:  6/6        EV: 13    Int: 13    God:
Gold:   0          SH:  0    Dex: 13    Spells: 2/2 levels left

rFire    . . .     SeeInvis .   a - +0 short sword
rCold    . . .     Gourm    .   (no shield)
rNeg     . . .     Faith    .   (helmet restricted)
rPois    .         Spirit   .   (no amulet)
rElec    .         Reflect  .   (no ring)
rCorr    .         Harm     .   (no ring)
MR       .....                  (no ring)
Stlth    +++.......             (no ring)
HPRegen  0.07/turn              (no ring)
MPRegen  0.10/turn              (no ring)
                                (no ring)
                                (no ring)

@: no status effects
A: almost no armour, stealthy swim, amphibious, 8 rings, constrict 8, camouflage
1, gelatinous body 1
a: no special abilities


You were on level 2 of the Dungeon.
You were not hungry.

You visited 1 branch of the dungeon, and saw 2 of its levels.

Inventory:

Hand Weapons
 a - a +0 short sword (weapon)
Missiles
 g - 20 sling bullets
Wands
 b - a wand of flame (13)
 c - a wand of enslavement (9)
 d - a wand of random effects (10)
Scrolls
 e - a scroll of identify {unknown}
 h - a scroll of remove curse {unknown}
Comestibles
 f - a ration


   Skills:
 + Level 1.0 Fighting
 + Level 1.0 Short Blades
 + Level 2.1 Dodging
 + Level 1.5 Stealth
 + Level 4.4 Evocations


You had 2 spell levels left.
You didn't know any spells.
Your spell library was empty.

Dungeon Overview and Level Annotations

Branches:
Dungeon (2/15)

Altars:

Annotations:
D:2 Terence


Innate Abilities, Weirdness & Mutations

You cannot wear most types of armour.
You are very stealthy in the water. (Stealth+)
You are amphibious.
You can wear up to eight rings at the same time.
You can use your tentacles to constrict eight enemies at once.
Your skin changes colour to match your surroundings (Stealth+).
Your rubbery body absorbs attacks. (AC +1, EV +1)


Message History

Evoke which item? (* to show all) (? for menu, Esc to quit)
Aiming: Random Effects
Press: ? - help, Shift-Dir - straight line, f - you The puff of frost hits something.
Evoke which item? (* to show all) (? for menu, Esc to quit)
Aiming: Random Effects
Press: ? - help, Shift-Dir - straight line, f - you Nothing appears to happen.
Something hits you. Something hits you!
Evoke which item? (* to show all) (? for menu, Esc to quit)
Aiming: Enslavement
Press: ? - help, Shift-Dir - straight line, f - you Nothing appears to happen.
Something hits you.
* * * LOW HITPOINT WARNING * * *
Evoke which item? (* to show all) (? for menu, Esc to quit)
Aiming: Enslavement
Press: ? - help, Shift-Dir - straight line, f - you Nothing appears to happen.
Something hits you.
You die...

#.##..###
#####.......#
#.......# .
#.......###...
#...........#
#.......###...
###.#..## #
#.#...####
#.#@#....#
#.#.####.....
##.......##.#.
#........# #
#........#
#........#
##........#
######..###.####
#.........#.#


There were no monsters in sight!

Vanquished Creatures
  2 gnolls (D:2)
  A giant cockroach (D:2)
  A goblin (D:2)
  A bat (D:2)
  A frilled lizard (D:2)
6 creatures vanquished.

Vanquished Creatures (collateral kills)
  A gnoll (D:2)
1 creature vanquished.

Vanquished Creatures (others)
  A gnoll (D:2)
1 creature vanquished.

Grand Total: 8 creatures vanquished

Notes
Turn   | Place    | Note
-------+----------+-------------------------------------------
     0 | D:1      | Maedhros the Octopode Artificer began the quest for the
                  | Orb.
     0 | D:1      | Reached XP level 1. HP: 13/13 MP: 3/3
     0 | D:1      | i feel this is gonna be my highscore
    48 | D:2      | Reached skill level 4 in Evocations
    48 | D:2      | Reached XP level 2. HP: 17/18 MP: 5/5
    50 | D:2      | Noticed Terence
    53 | D:2      | Reached XP level 3. HP: 23/23 MP: 6/6
    74 | D:2      | Slain by Terence

Illustrated notes

# # #.. ..#
....#######...#
.%............#
.......@..>...#
..####........#
#...##...#
#...# ..# .....
# .......
#######


Turn 0 on D:1: i feel this is gonna be my highscore

Levels and vault maps discovered:
D:1:      dpeg_arrival_boxorama, layout_basic, corexii_hall_statues_t,
          grunt_decor_arrowhead, grunt_decor_cap, glass_columns_b
D:2:      layout_rooms, uniq_terence

Skill      XL: |  1 |
---------------+----+-----
Evocations     | 4 |  4.4
Fighting       | |  1.0
Short Blades   | |  1.0
Dodging        | |  2.1
Stealth        | |  1.5

Action                   || total
-------------------------++-------
Melee: Short sword       ||     5
       Constrict         ||     1
       Tentacles         ||     1
Evoke: Wand              ||    13
 Stab: Sleeping          ||     1
Dodge: Dodged            ||     4

Table legend:
 A = Non-vault XP
 B = Vault XP
 C = Vault XP percentage of total XP
 D = Non-vault monster count
 E = Vault monster count
 F = Vault count percentage of total count
                 A         B        C        D         E       F
            +---------+---------+-------+---------+---------+-------
      Total |      40 |       0 |   0.0 |       7 |       0 |   0.0
            +---------+---------+-------+---------+---------+-------
        D:2 |      40 |       0 |   0.0 |       7 |       0 |   0.0
            +---------+---------+-------+---------+---------+-------
